[Event "4NCL 2021-22"]
[Site "England"]
[Date "2022.02.13"]
[Round "4.74"]
[White "Zulfic, Fedja"]
[Black "Dunn, Andrew"]
[Result "1/2-1/2"]
[ECO "D00"]
[WhiteElo "2231"]
[BlackElo "2153"]
[Annotator "ChessBase"]
[PlyCount "84"]
[EventDate "2021.11.27"]
[EventType "team-tourn"]
[EventCountry "ENG"]
[SourceTitle "playchess.com"]
[Source "ChessBase"]
[SourceQuality "1"]
[TimeControl "40/6000+30:3000+30"]

1. d4 d5 2. Bf4 Nf6 3. e3 c5 4. c3 Nc6 5. Nd2 Bf5 6. Ngf3 Qb6 7. Nh4 Bg4 8. Qb1 cxd4 9. exd4 h6 10. Bg3 Bd7 11. Bd3 e6 12. O-O Be7 13. Kh1 Nh5 14. b4 Nxg3+ 15. fxg3 Bf6 16. a4 Qc7 17. Nb3 b6 18. Qe1 Ne7 19. a5 Rc8 20. Ba6 Rb8 21. axb6 axb6 22. Bd3 Rc8 23. Rc1 Ba4 24. Nd2 Bd7 25. Nhf3 Nc6 26. b5 Na5 27. c4 dxc4 28. Nxc4 Nxc4 29. Rxc4 Qd6 30. Rxc8+ Bxc8 31. Qe4 Qd5 32. Rc1 Bd7 33. Qxd5 exd5 34. Rc7 Kd8 35. Rb7 Re8 36. Rxb6 Re3 37. Bf1 Bg4 38. Rd6+ Ke7 39. Rxd5 Rxf3 40. gxf3 Bxf3+ 41. Bg2 Bxd5 42. Bxd5 Bxd4 1/2-1/2

[Event "4NCL 2021-22"]
[Site "England"]
[Date "2022.02.13"]
[Round "4.75"]
[White "Turner, Max N"]
[Black "Quinn, John M"]
[Result "1-0"]
[ECO "E67"]
[WhiteElo "2223"]
[BlackElo "2206"]
[Annotator "ChessBase"]
[PlyCount "61"]
[EventDate "2021.11.27"]
[EventType "team-tourn"]
[EventCountry "ENG"]
[SourceTitle "playchess.com"]
[Source "ChessBase"]
[SourceQuality "1"]
[TimeControl "40/6000+30:3000+30"]

1. d4 Nf6 2. c4 g6 3. g3 Bg7 4. Bg2 d6 5. Nc3 O-O 6. Nf3 Nbd7 7. O-O e5 8. h3 a6 9. dxe5 dxe5 10. Be3 c6 11. Nd2 Qe7 12. Qb3 Re8 13. Rfd1 Nc5 14. Bxc5 Qxc5 15. Nde4 Nxe4 16. Nxe4 Qe7 17. Nd6 Rf8 18. c5 Kh8 19. Rd2 f5 20. Rad1 e4 21. e3 Be6 22. Qa3 Be5 23. Bf1 g5 24. Bc4 f4 25. Bxe6 Qxe6 26. Qb3 Qxh3 27. Nf7+ Kg7 28. Nxe5 f3 29. Rd7+ Kh8 30. Ng6+ hxg6 31. Qc3+ 1-0

[Event "4NCL 2021-22"]
[Site "England"]
[Date "2022.02.13"]
[Round "4.76"]
[White "Pedersen, Carsten"]
[Black "Henderson, David"]
[Result "0-1"]
[ECO "C28"]
[WhiteElo "2096"]
[BlackElo "2108"]
[Annotator "NA"]
[PlyCount "126"]
[EventDate "2021.11.27"]
[EventType "team-tourn"]
[EventCountry "ENG"]
[SourceTitle "playchess.com"]
[Source "ChessBase"]
[SourceQuality "1"]
[TimeControl "40/6000+30:3000+30"]

1. e4 e5 2. Nc3 Nf6 3. Bc4 Nc6 4. d3 Na5 5. Bb3 Nxb3 6. axb3 d5 7. exd5 {[%emt 0:00:04] 7.Nf3 gains popularity.} Nxd5 8. Qh5 Nb4 9. Qxe5+ Be7 10. Qe2 O-O 11. Qd1 {[%emt 0:00:09] [#]} Bg4 $146 ({Predecessor:} 11... Re8 12. Nge2 b6 13. O-O Bb7 14. Be3 Qd7 15. Qd2 a5 16. Rae1 Rad8 17. f3 Bf8 {1-0 (38) Ivanchuk,V (2769)-Chadaev,N (2580) Astana 2012}) 12. Nge2 Qd7 13. Be3 Rfe8 14. O-O c5 15. Qd2 b6 16. Rae1 Rad8 17. Ng3 Bd6 18. Nge4 Bb8 19. Bg5 Rc8 20. Ng3 f6 21. Rxe8+ Rxe8 22. Be3 h5 23. f3 h4 24. Nge2 Bf5 25. Bf4 Bxf4 26. Nxf4 Nxc2 27. Qxc2 Qd4+ 28. Qf2 Qxf4 29. Re1 Rxe1+ 30. Qxe1 Bxd3 31. Qe8+ Kh7 32. h3 Bg6 33. Qe1 Bc2 34. Qe8 Bg6 35. Qe1 Kh6 36. Qd1 Qd4+ 37. Qxd4 cxd4 38. Nb5 d3 39. Kf2 Kg5 40. Ke3 d2 41. f4+ Kh5 42. Nc3 Bc2 (42... Be8 $142 43. Nd1 Bc6) 43. Kxd2 Bxb3 44. Ke3 Bc4 45. Ke4 Ba6 46. Kf3 Bb7+ 47. Kf2 Bc6 48. Nd1 Kg6 49. Ne3 Be4 50. Ke2 Kf7 51. Kd2 Ke6 52. Kc3 Kd6 53. Kd4 $19 Bb1 (53... f5 $142 54. Nc4+ Ke7) 54. Nf1 Ke6 55. Ne3 g5 56. fxg5 fxg5 57. Nc4 Ba2 58. Ne3 a5 59. Ke4 Bb3 60. Kd4 Ba2 61. Ke4 b5 62. Kd4 b4 63. Kc5 Ke5 0-1

[Event "4NCL 2021-22"]
[Site "England"]
[Date "2022.02.13"]
[Round "4.77"]
[White "Dargan, Paul A G"]
[Black "Stevenson, James"]
[Result "1/2-1/2"]
[ECO "C50"]
[WhiteElo "2127"]
[BlackElo "2108"]
[Annotator "ChessBase"]
[PlyCount "81"]
[EventDate "2021.11.27"]
[EventType "team-tourn"]
[EventCountry "ENG"]
[SourceTitle "playchess.com"]
[Source "ChessBase"]
[SourceQuality "1"]
[TimeControl "40/6000+30:3000+30"]

1. e4 e5 2. Nf3 d6 3. d4 exd4 4. Nxd4 g6 5. Nc3 Bg7 6. Be3 Nf6 7. f3 O-O 8. Bc4 Nc6 9. Qd2 Bd7 10. O-O-O a6 11. Bh6 b5 12. Bxg7 Kxg7 13. Bd5 Nxd5 14. Nxc6 Bxc6 15. Nxd5 Bxd5 16. Qxd5 Re8 17. h4 Qf6 18. h5 Qe6 19. Qd4+ Qe5 20. Qe3 g5 21. Rhe1 Qf4 22. Qxf4 gxf4 23. Rh1 Re6 24. Rh4 Rf6 25. Rg4+ Kf8 26. Rh1 Re8 27. Rhh4 Re5 28. h6 Ree6 29. Rxf4 Rxf4 30. Rxf4 Rxh6 31. Kd2 Rh2 32. Rg4 h5 33. Rg5 h4 34. Kd3 Ke7 35. a3 h3 36. gxh3 Rxh3 37. Rf5 Rh2 38. b3 Rh1 39. a4 c6 40. axb5 axb5 41. b4 1/2-1/2

[Event "4NCL 2021-22"]
[Site "England"]
[Date "2022.02.13"]
[Round "4.78"]
[White "Franco, Gaston"]
[Black "Izod, Chris"]
[Result "1-0"]
[ECO "C07"]
[WhiteElo "2037"]
[BlackElo "2065"]
[Annotator "ChessBase"]
[PlyCount "69"]
[EventDate "2021.11.27"]
[EventType "team-tourn"]
[EventCountry "ENG"]
[SourceTitle "playchess.com"]
[Source "ChessBase"]
[SourceQuality "1"]
[TimeControl "40/6000+30:3000+30"]

1. e4 e6 2. d4 d5 3. Nd2 c5 4. exd5 Qxd5 5. Ngf3 Nf6 6. Bc4 Qd6 7. O-O cxd4 8. Nb3 Nc6 9. Nbxd4 Nxd4 10. Nxd4 Be7 11. Re1 O-O 12. c3 Bd7 13. Qf3 Rac8 14. Bf4 Qc5 15. Bb3 Bc6 16. Qh3 Bd5 17. Bc2 g6 18. Re3 Nh5 19. Bh6 Rfe8 20. Rae1 Ng7 21. g4 Bf6 22. Nf3 b5 23. Ne5 Qc7 24. Bf4 Qe7 25. Qh6 Bxe5 26. Bxe5 f6 27. Rh3 Nh5 28. gxh5 fxe5 29. hxg6 Qg7 30. Qg5 Qe7 31. Qxe5 Qg7 32. Rxh7 Qxe5 33. Rxe5 Rc4 34. Rg5 Bf3 35. g7 1-0

[Event "4NCL 2021-22"]
[Site "England"]
[Date "2022.02.13"]
[Round "4.79"]
[White "Smith, Lynda"]
[Black "Kelmendi, Bajrush"]
[Result "0-1"]
[ECO "A03"]
[WhiteElo "1826"]
[BlackElo "2086"]
[Annotator "NA"]
[PlyCount "94"]
[EventDate "2021.11.27"]
[EventType "team-tourn"]
[EventCountry "ENG"]
[SourceTitle "playchess.com"]
[Source "ChessBase"]
[SourceQuality "1"]
[TimeControl "40/6000+30:3000+30"]

1. f4 g6 2. Nf3 Bg7 3. g3 c5 4. Bg2 Nc6 5. O-O d5 6. d3 Nf6 7. c3 O-O 8. Qe1 b6 9. Nbd2 Ba6 10. h3 Qc7 11. Kh1 Rad8 12. Qf2 e5 13. fxe5 Nxe5 14. Nxe5 Qxe5 15. Nf3 Qd6 16. Bf4 Qe7 17. Rae1 Nh5 18. Bg5 f6 19. Bc1 Qd6 20. Kh2 Rde8 21. Nh4 f5 22. Bf3 Nxg3 23. Qxg3 Be5 24. Bxd5+ Qxd5 25. Bf4 Bxf4 26. Qxf4 Qe5 27. Ng2 g5 28. Qxe5 Rxe5 29. h4 h6 30. Kg3 Kg7 31. c4 Bb7 32. Kf2 f4 33. Kg1 Rfe8 34. Rf2 f3 35. e4 fxg2 36. Kxg2 gxh4 37. Ref1 R8e7 38. Kh3 Rg5 39. Kxh4 Bc8 40. Rf4 Be6 41. a3 Rf7 42. Rxf7+ Bxf7 43. b4 Be6 44. bxc5 bxc5 45. Rf4 a6 46. Rf2 Rg4+ 47. Kh5 Rg3 0-1

[Event "4NCL 2021-22"]
[Site "England"]
[Date "2022.02.13"]
[Round "4.80"]
[White "Macleod, Andrew"]
[Black "Moreby, Kurt"]
[Result "1/2-1/2"]
[ECO "D31"]
[WhiteElo "1640"]
[BlackElo "1673"]
[Annotator "NA"]
[PlyCount "82"]
[EventDate "2021.11.27"]
[EventType "team-tourn"]
[EventCountry "ENG"]
[SourceTitle "playchess.com"]
[Source "ChessBase"]
[SourceQuality "1"]
[TimeControl "40/6000+30:3000+30"]

1. d4 d5 2. c4 e6 3. Nc3 c6 4. Nf3 dxc4 5. e4 b5 6. a4 Bb4 7. Bd2 a5 8. axb5 Bxc3 9. bxc3 cxb5 10. g3 Bb7 11. Qe2 h6 12. e5 Ne7 13. Bg2 Nd5 14. Rc1 Qc7 15. O-O O-O 16. Rc2 Nc6 17. Rfc1 Ba6 18. Qe4 Qe7 19. Qg4 Kh7 20. Nh4 g6 21. Be4 Rg8 22. Qh3 h5 23. Nf5 exf5 24. Bxd5 Qd7 25. Bf3 Rg7 26. Bg5 Kg8 27. Bf6 Rh7 28. Qg2 Rc8 29. Re1 Nxd4 30. cxd4 Qxd4 31. Bb7 Bxb7 32. Qxb7 Qc5 33. Rd1 b4 34. Rd5 Qf8 35. Rxa5 b3 36. Rd2 c3 37. Rd1 c2 38. Rc1 Rb8 39. Qc6 b2 40. Qxc2 bxc1=Q+ 41. Qxc1 Qb4 1/2-1/2

[Event "4NCL 2021-22"]
[Site "England"]
[Date "2022.03.26"]
[Round "5.4"]
[White "Suarez Real, Alberto"]
[Black "Jaracz, Pawel"]
[Result "1-0"]
[ECO "B54"]
[WhiteElo "2445"]
[BlackElo "2459"]
[Annotator "ChessBase"]
[PlyCount "57"]
[EventDate "2021.11.27"]
[EventType "team-tourn"]
[EventCountry "ENG"]
[SourceTitle "playchess.com"]
[Source "ChessBase"]
[SourceQuality "1"]
[TimeControl "40/6000+30:3000+30"]

1. e4 c5 2. Nf3 Nc6 3. d4 cxd4 4. Nxd4 e6 5. Nc3 d6 6. g4 Nge7 7. Nb3 a6 8. Be3 b5 9. Qe2 Na5 10. O-O-O Nxb3+ 11. cxb3 Bb7 12. Bg2 Ng6 13. Rhf1 e5 14. f4 exf4 15. e5 Bxg2 16. Qxg2 Rc8 17. Bxf4 Nxf4 18. Rxf4 Qg5 19. Qd2 d5 20. e6 b4 21. exf7+ Kd7 22. h4 bxc3 23. Qd4 cxb2+ 24. Kxb2 Qg6 25. Rf5 Bd6 26. h5 Qe6 27. Rxd5 Rc6 28. Qxg7 Qe2+ 29. R1d2 1-0

[Event "4NCL 2021-22"]
[Site "England"]
[Date "2022.03.26"]
[Round "5.7"]
[White "Kolbus, Dietmar"]
[Black "Golding, Alex"]
[Result "1/2-1/2"]
[ECO "D38"]
[WhiteElo "2305"]
[BlackElo "2331"]
[Annotator "ChessBase"]
[PlyCount "61"]
[EventDate "2021.11.27"]
[EventType "team-tourn"]
[EventCountry "ENG"]
[SourceTitle "playchess.com"]
[Source "ChessBase"]
[SourceQuality "1"]
[TimeControl "40/6000+30:3000+30"]

1. d4 Nf6 2. c4 e6 3. Nf3 d5 4. Nc3 Bb4 5. cxd5 exd5 6. Qa4+ Nc6 7. Bg5 h6 8. Bxf6 Qxf6 9. e3 O-O 10. a3 Bxc3+ 11. bxc3 Bg4 12. Be2 Ne7 13. O-O c6 14. c4 a6 15. Qb3 b5 16. cxd5 cxd5 17. a4 bxa4 18. Rxa4 Rfb8 19. Qa2 Rb6 20. h3 Bd7 21. Ra3 Bb5 22. Ne5 Bxe2 23. Qxe2 Qd6 24. Ra5 Nc6 25. Nxc6 Qxc6 26. Rfa1 Qe6 27. Qa2 Rd6 28. Qe2 Rc6 29. Qa2 Rd6 30. Qe2 Rc6 31. Qa2 1/2-1/2

[Event "4NCL 2021-22"]
[Site "England"]
[Date "2022.03.26"]
[Round "5.8"]
[White "Kalaiyalahan, Akshaya"]
[Black "Terbe, Julianna"]
[Result "1/2-1/2"]
[ECO "A07"]
[WhiteElo "2208"]
[BlackElo "2285"]
[Annotator "ChessBase"]
[PlyCount "79"]
[EventDate "2021.11.27"]
[EventType "team-tourn"]
[EventCountry "ENG"]
[SourceTitle "playchess.com"]
[Source "ChessBase"]
[SourceQuality "1"]
[TimeControl "40/6000+30:3000+30"]

1. Nf3 d5 2. g3 Nf6 3. Bg2 c6 4. O-O Bg4 5. d3 e6 6. Qe1 Be7 7. e4 O-O 8. h3 Bh5 9. e5 Nfd7 10. Nh2 Qb6 11. Kh1 f6 12. exf6 Bxf6 13. Nc3 e5 14. f4 exf4 15. Rxf4 Re8 16. Qf2 Be5 17. Qxb6 axb6 18. Rh4 Bg6 19. Nf1 Na6 20. Bd2 Bd6 21. a3 b5 22. Nxd5 cxd5 23. Bxd5+ Bf7 24. Bxb7 Ra7 25. Bc6 Re2 26. Re4 Rxe4 27. Bxe4 Be5 28. Be3 Rc7 29. d4 Bd6 30. c3 Nb6 31. Bf2 Na4 32. Rb1 Ba2 33. Ra1 Bc4 34. Rb1 Nxb2 35. Nd2 Na4 36. Nxc4 Nxc3 37. Nxd6 Nxb1 38. Nxb5 Rc1+ 39. Kg2 Rd1 40. Bc2 1/2-1/2

[Event "4NCL 2021-22"]
[Site "England"]
[Date "2022.03.26"]
[Round "5.16"]
[White "Toma, Katarzyna"]
[Black "Han, Yichen"]
[Result "1-0"]
[ECO "C45"]
[WhiteElo "2420"]
[BlackElo "2347"]
[Annotator "ChessBase"]
[PlyCount "83"]
[EventDate "2021.11.27"]
[EventType "team-tourn"]
[EventCountry "ENG"]
[SourceTitle "playchess.com"]
[Source "ChessBase"]
[SourceQuality "1"]
[TimeControl "40/6000+30:3000+30"]

1. e4 e5 2. Nf3 Nc6 3. d4 exd4 4. Nxd4 Bc5 5. Nb3 Bb4+ 6. Bd2 a5 7. a4 Nf6 8. Bd3 O-O 9. O-O Ne5 10. f4 Nxd3 11. cxd3 c6 12. Bxb4 axb4 13. N1d2 d5 14. e5 Ng4 15. Qe1 Nh6 16. Nf3 Bf5 17. d4 Qe7 18. a5 Bd3 19. Rf2 Rfb8 20. Nc5 Bc4 21. b3 Bb5 22. Rfa2 Ra7 23. Qxb4 Rba8 24. Qd2 Qc7 25. h3 Nf5 26. Kf2 Qd8 27. g3 g6 28. Kg2 Qe7 29. g4 Ng7 30. Kg3 Ne6 31. b4 Bc4 32. Ra3 b6 33. Nxe6 fxe6 34. Qc3 bxa5 35. Rxa5 Rxa5 36. Rxa5 Rxa5 37. bxa5 Qb7 38. Qa3 Qa7 39. Qd6 h6 40. Qxe6+ Kh7 41. Nh4 Qxa5 42. Qf7+ 1-0

[Event "4NCL 2021-22"]
[Site "England"]
[Date "2022.03.26"]
[Round "5.18"]
[White "Kirk, Ezra"]
[Black "Rendle, Thomas E"]
[Result "1/2-1/2"]
[ECO "E01"]
[WhiteElo "2438"]
[BlackElo "2365"]
[Annotator "ChessBase"]
[PlyCount "54"]
[EventDate "2021.11.27"]
[EventType "team-tourn"]
[EventCountry "ENG"]
[SourceTitle "playchess.com"]
[Source "ChessBase"]
[SourceQuality "1"]
[TimeControl "40/6000+30:3000+30"]

1. d4 d5 2. Nf3 Nf6 3. c4 c6 4. Nc3 e6 5. g3 dxc4 6. a4 Nbd7 7. Bg2 Bb4 8. O-O O-O 9. Qc2 a5 10. e4 e5 11. Nxe5 Nxe5 12. dxe5 Ng4 13. f4 Qd4+ 14. Kh1 Rd8 15. h3 Ne3 16. Bxe3 Qxe3 17. Rad1 Bd7 18. Ne2 b5 19. f5 Be8 20. e6 fxe6 21. Rf3 Qh6 22. e5 exf5 23. Nd4 Bf7 24. Nxf5 Qg5 25. Rf4 Rxd1+ 26. Qxd1 Rd8 27. Qf1 g6 1/2-1/2

[Event "4NCL 2021-22"]
[Site "England"]
[Date "2022.03.26"]
[Round "5.19"]
[White "Moreby, James"]
[Black "Pert, Richard G"]
[Result "1/2-1/2"]
[ECO "A13"]
[WhiteElo "2416"]
[BlackElo "2415"]
[Annotator "ChessBase"]
[PlyCount "28"]
[EventDate "2021.11.27"]
[EventType "team-tourn"]
[EventCountry "ENG"]
[SourceTitle "playchess.com"]
[Source "ChessBase"]
[SourceQuality "1"]
[TimeControl "40/6000+30:3000+30"]

1. c4 e6 2. g3 d5 3. Bg2 dxc4 4. Na3 Bxa3 5. bxa3 Nf6 6. Bb2 Nbd7 7. Qc2 Rb8 8. Qxc4 b5 9. Qc2 c5 10. Nf3 Bb7 11. O-O O-O 12. Rfc1 h6 13. Ne5 Bxg2 14. Nxd7 Qxd7 1/2-1/2

[Event "4NCL 2021-22"]
[Site "England"]
[Date "2022.03.26"]
[Round "5.20"]
[White "Arkell, Keith C"]
[Black "Batchelor, Peter J"]
[Result "1/2-1/2"]
[ECO "E11"]
[WhiteElo "2380"]
[BlackElo "2366"]
[Annotator "ChessBase"]
[PlyCount "85"]
[EventDate "2021.11.27"]
[EventType "team-tourn"]
[EventCountry "ENG"]
[SourceTitle "playchess.com"]
[Source "ChessBase"]
[SourceQuality "1"]
[TimeControl "40/6000+30:3000+30"]

1. d4 Nf6 2. Nf3 e6 3. c4 Bb4+ 4. Bd2 a5 5. g3 Nc6 6. Bg2 O-O 7. Nc3 Bxc3 8. Bxc3 Ne4 9. Qc2 Nxc3 10. Qxc3 d6 11. d5 Ne7 12. dxe6 Bxe6 13. Nd4 c6 14. Nxe6 fxe6 15. Rd1 Qc7 16. O-O e5 17. e3 Rf6 18. Rd2 Nf5 19. Rfd1 Raf8 20. a3 Nh6 21. h3 Nf7 22. b4 axb4 23. axb4 Qc8 24. Qc2 Rh6 25. b5 Rxh3 26. bxc6 bxc6 27. Qe4 Rh6 28. Qxc6 Qg4 29. Ra1 Rf6 30. Ra8 g6 31. Bd5 Rxa8 32. Qxa8+ Kg7 33. Qc6 Ng5 34. Bg2 Qf5 35. e4 Qe6 36. Rb2 Qg4 37. Rd2 Nf7 38. c5 dxc5 39. Qxc5 h5 40. Qe3 h4 41. gxh4 Qxh4 42. Qg3 Qxg3 43. fxg3 1/2-1/2

[Event "4NCL 2021-22"]
[Site "England"]
[Date "2022.03.26"]
[Round "5.21"]
[White "Holland, James P"]
[Black "Eggleston, David J"]
[Result "1/2-1/2"]
[ECO "C00"]
[WhiteElo "2224"]
[BlackElo "2343"]
[Annotator "ChessBase"]
[PlyCount "47"]
[EventDate "2021.11.27"]
[EventType "team-tourn"]
[EventCountry "ENG"]
[SourceTitle "playchess.com"]
[Source "ChessBase"]
[SourceQuality "1"]
[TimeControl "40/6000+30:3000+30"]

1. e4 e6 2. f4 d5 3. Nc3 dxe4 4. Nxe4 Nf6 5. Nxf6+ Qxf6 6. d4 Bd6 7. g3 c5 8. Nf3 Nc6 9. Be3 cxd4 10. Nxd4 e5 11. Nb5 Bb8 12. Bc5 exf4 13. Qe2+ Qe5 14. gxf4 Qxe2+ 15. Bxe2 Bxf4 16. O-O Be5 17. Bc4 Be6 18. Bxe6 fxe6 19. Rae1 a6 20. Nd6+ Bxd6 21. Rxe6+ Be7 22. Bxe7 Nxe7 23. Rfe1 O-O-O 24. Rxe7 1/2-1/2

[Event "4NCL 2021-22"]
[Site "England"]
[Date "2022.03.26"]
[Round "5.22"]
[White "Connell, Blair N"]
[Black "Dong, Bao Nghia"]
[Result "0-1"]
[ECO "C02"]
[WhiteElo "2230"]
[BlackElo "2332"]
[Annotator "ChessBase"]
[PlyCount "86"]
[EventDate "2021.11.27"]
[EventType "team-tourn"]
[EventCountry "ENG"]
[SourceTitle "playchess.com"]
[Source "ChessBase"]
[SourceQuality "1"]
[TimeControl "40/6000+30:3000+30"]

1. e4 e6 2. d4 d5 3. e5 c5 4. c3 Ne7 5. Nf3 Nec6 6. Bd3 b6 7. Qe2 cxd4 8. cxd4 Nb4 9. Bb5+ Bd7 10. Nc3 Be7 11. a3 Bxb5 12. Qxb5+ N4c6 13. h4 a6 14. Qd3 Na5 15. Rh3 Nbc6 16. Ne2 b5 17. Rg3 Bf8 18. Nf4 Qb6 19. Nh5 g6 20. Nf6+ Kd8 21. h5 Ra7 22. Rh3 gxh5 23. Bg5 Kc8 24. Nxh7 Be7 25. Bxe7 Rxe7 26. Nf6 b4 27. Kf1 bxa3 28. Qxa3 Rb7 29. Rxh5 Rd8 30. Rh7 Nb3 31. Rd1 Qb5+ 32. Kg1 Qe2 33. Re1 Qc4 34. Re3 Nbxd4 35. Nxd4 Nxd4 36. Qc3 Kb8 37. Qxc4 dxc4 38. Ne4 Rxb2 39. g3 Rb3 40. Rxf7 c3 41. Nc5 Rb6 42. Kg2 c2 43. Rc3 Rc6 0-1

[Event "4NCL 2021-22"]
[Site "England"]
[Date "2022.03.26"]
[Round "5.23"]
[White "Williams, Samuel G"]
[Black "Steil-Antoni, Fiona"]
[Result "0-1"]
[ECO "E04"]
[WhiteElo "2239"]
[BlackElo "2163"]
[Annotator "ChessBase"]
[PlyCount "97"]
[EventDate "2021.11.27"]
[EventType "team-tourn"]
[EventCountry "ENG"]
[SourceTitle "playchess.com"]
[Source "ChessBase"]
[SourceQuality "1"]
[TimeControl "40/6000+30:3000+30"]

1. d4 d5 2. c4 e6 3. Nc3 c6 4. Nf3 dxc4 5. g3 Nf6 6. Bg2 b5 7. Ne5 Nd5 8. O-O Be7 9. a4 b4 10. Ne4 Ba6 11. Nc5 Bxc5 12. dxc5 O-O 13. Qd4 f6 14. Nxc4 e5 15. Qd3 f5 16. Qc2 Nd7 17. Ne3 e4 18. Rd1 Nxe3 19. Bxe3 Qe7 20. Rd6 Ne5 21. b3 Bc8 22. Bf4 a5 23. Rad1 Bb7 24. f3 g5 25. Bc1 Rad8 26. fxe4 f4 27. gxf4 gxf4 28. Bb2 Rxd6 29. cxd6 Qg5 30. Bxe5 Qxe5 31. Qc4+ Kg7 32. d7 Rd8 33. Bf3 Kf6 34. Kh1 Ke7 35. Qd3 c5 36. Qd2 Bxe4 37. Qe1 Bxf3+ 38. exf3 Qxe1+ 39. Rxe1+ Kxd7 40. Re4 Re8 41. Rxf4 Re3 42. Kg2 Rxb3 43. Rh4 Ra3 44. Rxh7+ Kd6 45. h4 Rxa4 46. h5 b3 47. Rb7 Rb4 48. Rxb4 axb4 49. h6 0-1

[Event "4NCL 2021-22"]
[Site "England"]
[Date "2022.03.26"]
[Round "5.24"]
[White "Boswell, Jacob Connor"]
[Black "Head, Louise"]
[Result "1-0"]
[ECO "D27"]
[WhiteElo "2053"]
[BlackElo "2033"]
[Annotator "NA"]
[PlyCount "87"]
[EventDate "2021.11.27"]
[EventType "team-tourn"]
[EventCountry "ENG"]
[SourceTitle "playchess.com"]
[Source "ChessBase"]
[SourceQuality "1"]
[TimeControl "40/6000+30:3000+30"]

1. Nf3 d5 2. e3 Nf6 3. c4 dxc4 4. Bxc4 e6 5. Nc3 a6 6. a4 c5 7. O-O Nc6 8. d4 Be7 9. Ne5 cxd4 10. Nxc6 bxc6 11. exd4 a5 12. Be3 Ba6 13. b3 O-O 14. Qd3 Qc8 15. Rac1 Qb7 16. Rfd1 Nd5 17. Ne4 h6 18. Bd2 Bxc4 19. bxc4 Nb6 20. Nc5 Qc7 21. Qf3 e5 22. Qg3 Kh8 23. Nd3 Nxa4 24. Nxe5 Qd6 25. Bf4 Qa3 26. Rd3 Qb2 27. Rb3 Qxd4 28. Nxc6 Qd7 29. Nxe7 Qxe7 30. Bd6 Qd7 31. Bxf8 Rxf8 32. Rb8 Qe7 33. Rxf8+ Qxf8 34. Rb1 Qe7 35. h3 Nc5 36. Qe3 Ne6 37. Qe4 Qc7 38. Rb7 Qc8 39. Ra7 Ng5 40. Qa8 Qxa8 41. Rxa8+ Kh7 42. Rxa5 Ne4 43. c5 Kg6 44. c6 1-0

[Event "4NCL 2021-22"]
[Site "England"]
[Date "2022.03.26"]
[Round "5.26"]
[White "Derakhshani, Borna"]
[Black "Ansell, Simon T"]
[Result "1/2-1/2"]
[ECO "A06"]
[WhiteElo "2371"]
[BlackElo "2432"]
[Annotator "ChessBase"]
[PlyCount "60"]
[EventDate "2021.11.27"]
[EventType "team-tourn"]
[EventCountry "ENG"]
[SourceTitle "playchess.com"]
[Source "ChessBase"]
[SourceQuality "1"]
[TimeControl "40/6000+30:3000+30"]

1. Nf3 d5 2. b3 Bg4 3. Bb2 Bxf3 4. exf3 e6 5. f4 Nd7 6. g3 Ngf6 7. Bg2 a5 8. O-O Be7 9. Re1 O-O 10. d3 a4 11. c4 Bb4 12. Re3 a3 13. Be5 dxc4 14. bxc4 Nxe5 15. fxe5 Qd4 16. Nxa3 Ng4 17. Nc2 Nxe3 18. fxe3 Qxe5 19. Nxb4 Qxe3+ 20. Kh1 c6 21. Nc2 Qf2 22. d4 Qf6 23. Qd3 Qg6 24. Qxg6 hxg6 25. a3 Ra4 26. Bf1 Rd8 27. Rd1 g5 28. Kg1 Ra5 29. Bg2 Ra4 30. Bf1 Ra5 1/2-1/2

[Event "4NCL 2021-22"]
[Site "England"]
[Date "2022.03.26"]
[Round "5.27"]
[White "Bates, Richard A"]
[Black "Willow, Jonah B"]
[Result "1/2-1/2"]
[ECO "E04"]
[WhiteElo "2444"]
[BlackElo "2365"]
[Annotator "ChessBase"]
[PlyCount "78"]
[EventDate "2021.11.27"]
[EventType "team-tourn"]
[EventCountry "ENG"]
[SourceTitle "playchess.com"]
[Source "ChessBase"]
[SourceQuality "1"]
[TimeControl "40/6000+30:3000+30"]

1. d4 Nf6 2. Nf3 e6 3. c4 d5 4. g3 dxc4 5. Bg2 Bb4+ 6. Bd2 a5 7. Qc2 Bxd2+ 8. Qxd2 c6 9. a4 Ne4 10. Qf4 Qb6 11. O-O Qxb2 12. Ne5 O-O 13. Na3 Nc3 14. Qe3 Nxe2+ 15. Kh1 Nc3 16. Naxc4 Qb4 17. Rfc1 Nd5 18. Bxd5 exd5 19. Nd3 Qxc4 20. Rxc4 dxc4 21. Nf4 Bf5 22. g4 Bg6 23. h4 Nd7 24. h5 Rfe8 25. Qa3 Be4+ 26. f3 Bd3 27. Nxd3 Re3 28. Re1 Rxd3 29. Qd6 Nf8 30. Kg2 c3 31. Re7 Ne6 32. Rxe6 c2 33. Qd7 fxe6 34. h6 gxh6 35. Qxe6+ Kf8 36. Qxh6+ Ke8 37. Qe6+ Kd8 38. Qd6+ Kc8 39. Qe6+ Kd8 1/2-1/2

[Event "4NCL 2021-22"]
[Site "England"]
[Date "2022.03.26"]
[Round "5.28"]
[White "Fitzsimons, David"]
[Black "Ledger, Andrew J"]
[Result "1-0"]
[ECO "A28"]
[WhiteElo "2369"]
[BlackElo "2438"]
[Annotator "ChessBase"]
[PlyCount "115"]
[EventDate "2021.11.27"]
[EventType "team-tourn"]
[EventCountry "ENG"]
[SourceTitle "playchess.com"]
[Source "ChessBase"]
[SourceQuality "1"]
[TimeControl "40/6000+30:3000+30"]

1. c4 Nf6 2. Nc3 e5 3. Nf3 Nc6 4. d4 exd4 5. Nxd4 Bb4 6. g3 O-O 7. Bg2 Ne5 8. Qb3 Bc5 9. Be3 Nfg4 10. Nc6 Qe8 11. Bxc5 Nd3+ 12. Kf1 Nxc5 13. Qa3 d6 14. Nd4 c6 15. h3 Ne5 16. b3 f5 17. f4 Ned7 18. b4 Ne4 19. Nxe4 fxe4 20. Kg1 Nb6 21. Qb3 d5 22. cxd5 cxd5 23. Rc1 Bd7 24. Rc5 Rc8 25. Kh2 Ba4 26. Qb1 Qe7 27. Rhc1 a6 28. R1c3 Bd7 29. Qc2 Rxc5 30. Rxc5 Rc8 31. Nb3 Rxc5 32. Nxc5 Bb5 33. a4 Be8 34. Qd2 Bf7 35. Qd4 Nc4 36. h4 Nd6 37. Bh3 Qf6 38. Qe5 Qxe5 39. fxe5 Nc4 40. e6 Be8 41. e7 Kf7 42. Be6+ Kxe7 43. Bxd5 Nd6 44. a5 Bb5 45. e3 Bd3 46. g4 Kf6 47. Nd7+ Ke7 48. Nc5 Kf6 49. Bxb7 Nxb7 50. Nxb7 Ke5 51. Nc5 Kd5 52. g5 Kc6 53. Ne6 Kb5 54. Nxg7 Bc4 55. Ne8 Kxb4 56. Nf6 Kxa5 57. Nxh7 Kb4 58. Nf8 1-0

[Event "4NCL 2021-22"]
[Site "England"]
[Date "2022.03.26"]
[Round "5.29"]
[White "Ledger, Dave J"]
[Black "Haydon, David L"]
[Result "1-0"]
[ECO "B12"]
[WhiteElo "2148"]
[BlackElo "2294"]
[Annotator "ChessBase"]
[PlyCount "111"]
[EventDate "2021.11.27"]
[EventType "team-tourn"]
[EventCountry "ENG"]
[SourceTitle "playchess.com"]
[Source "ChessBase"]
[SourceQuality "1"]
[TimeControl "40/6000+30:3000+30"]

1. e4 c6 2. d4 d5 3. e5 Bf5 4. h4 h5 5. Bd3 Bxd3 6. Qxd3 e6 7. Bg5 Ne7 8. Nd2 Qb6 9. Ne2 Nd7 10. c4 Qa6 11. b3 Nf5 12. Ng3 Nxg3 13. Qxg3 dxc4 14. O-O Nb6 15. Rfc1 c3 16. Rxc3 Bb4 17. Rd3 Bxd2 18. Rxd2 Nd5 19. Qf3 Rc8 20. Rc1 Rc7 21. Rc5 Rd7 22. Qe4 Qb6 23. Kh2 Qc7 24. Kh3 a6 25. a3 Qc8 26. Kh2 Rc7 27. b4 Qd7 28. Rdc2 O-O 29. Qf3 Ne7 30. Bxe7 Qxe7 31. Qxh5 Rd7 32. Qg4 Rfd8 33. Rd2 Rd5 34. h5 f5 35. exf6 Qxf6 36. Rxd5 Rxd5 37. Re2 Kf7 38. Re4 Rf5 39. f3 Qh6 40. Re5 Rf4 41. Rxe6 Rxg4 42. Rxh6 Rxd4 43. Rh8 Rd3 44. Rb8 b5 45. Rb6 Rxa3 46. Rxc6 Ra4 47. g4 Rxb4 48. Rxa6 Rc4 49. Rb6 Rc5 50. Kg3 Kg8 51. f4 Kh7 52. g5 Rc1 53. Rb8 Rg1+ 54. Kf2 Rh1 55. g6+ Kh6 56. Rh8# 1-0